 Dungeon Crawl Stone Soup version 0.18-a0-1347-gb9e2fb4 (webtiles) character file.

144 WarriorsX the Slasher (level 5, -1/41 HPs)
             Began as a Human Fighter on Feb 18, 2016.
             Succumbed to an orc wizard's poison
             ... on level 3 of the Dungeon.
             The game lasted 00:10:57 (2095 turns).

WarriorsX the Slasher (Human Fighter)               Turns: 2095, Time: 00:10:57

Health: -1/41      AC: 12    Str: 19 (22) XL:     5   Next: 52%
Magic:  5/5        EV:  5    Int:  7 (9)  God:
Gold:   113        SH:  0    Dex: 11 (12) Spells: 0 memorised, 4 levels left

rFire  . . .     SeeInvis .     a - +0 long sword
rCold  . . .     Gourm    .     u - +0 plate armour
rNeg   . . .     Faith    .     (no shield)
rPois  .         Spirit   .     (no helmet)
rElec  .         Dismiss  .     (no cloak)
rCorr  .         Reflect  .     (no gloves)
SustAt .         Harm     .     x - +0 pair of boots (curse)
MR     .....                    (no amulet)
Stlth  ..........               (no ring)
                                (no ring)

@: mighty, lethally poisoned (-1 -> -29), very slightly contaminated, hasted,
invisible, very quick, not resistant to hostile enchantments, extremely
unstealthy
A: no striking features
a: no special abilities


You were on level 3 of the Dungeon.
You were not hungry.

You visited 1 branch of the dungeon, and saw 4 of its levels.

You collected 113 gold pieces.

Inventory:

Hand Weapons
 a - a +0 long sword (weapon)
Armour
 b - a +0 scale mail
 c - a +0 shield
 u - a +0 plate armour (worn)
 x - a cursed +0 pair of boots (worn)
Wands
 n - a wand of slowing (18/48)
 r - a wand of slowing (19/48)
Scrolls
 g - 2 scrolls of blinking {unknown}
 h - 2 scrolls of enchant armour {unknown}
 i - 3 scrolls of teleportation {unknown}
 j - 2 scrolls of random uselessness {unknown}
 o - a scroll of recharging {unknown}
 p - a scroll of amnesia {unknown}
 t - 2 scrolls of identify {unknown}
Potions
 d - 2 potions of might
 q - a potion of mutation {unknown}
 w - a potion of curing {unknown}
Comestibles
 f - 2 bread rations
 k - a slice of pizza
 l - 4 fruits
 s - a meat ration
 z - 5 chunks of flesh


   Skills:
 - Level 3.1 Fighting
 + Level 5.2 Long Blades
 - Level 3.0 Armour
 - Level 3.0 Shields


You had 4 spell levels left.
You didn't know any spells.

Dungeon Overview and Level Annotations

Branches:
Dungeon (4/15)
 Temple: D:4-7

Altars:
Cheibriados
Sif Muna


Message History

You are more poisoned.
The orc wizard casts a spell.
The orc wizard blinks!
You feel very mighty all of a sudden.
* * * LOW HITPOINT WARNING * * *
You feel sick.
It was a potion of degeneration.
There was something very wrong with that liquid.
You feel weakened.
You feel dopey.
You feel clumsy.
* * * LOW HITPOINT WARNING * * *
You feel very sick.
The orc wizard gestures wildly while chanting.
The orc wizard blinks!
It was a potion of invisibility.
You fade into invisibility!
* * * LOW HITPOINT WARNING * * *
You feel sick.
You are very lightly contaminated with residual magic.
It was a potion of haste.
You feel yourself speed up.
You die...

.# #.##.#####).............#
#### .#
#.#.....[..############)# #...
.######..#.#.......># #)# #.##
.##...####.#>.#####.# #.# #.#
##.....###.#..# #.######.###.#
#.......#.....# #<#..........#
...._...####..# #.#.####.##..#
#.......#..o..#####.#..........#
##.....##.###.).@...#.###...#..#
##...###.# ####.####.##.#.#...##
#####.#.# #.# #...........)
#.##.#.# #.# #.#†..##...##
#.##.#.# #.# #.)..........
#.##.#.# ####)# #.#...####.##
#.##.#.# #...)####.#...# #.##
#.##.#.###.........#...# #.##
#............#####.#...# #.##


You could see an orc wizard.

Vanquished Creatures
  A hound (D:3)
  5 adders
  3 worms
  3 giant geckos
  7 orcs
  A giant cockroach (D:1)
  6 hobgoblins
  2 jackals (D:1)
  2 quokkas (D:2)
  A ball python (D:3)
  5 bats
  2 giant newts
  6 goblins
  5 kobolds
  3 rats
52 creatures vanquished.

Vanquished Creatures (others)
  4 toadstools (D:1)
4 creatures vanquished.

Grand Total: 56 creatures vanquished

Notes
Turn   | Place    | Note
--------------------------------------------------------------
     0 | D:1      | WarriorsX the Human Fighter began the quest for the Orb.
     0 | D:1      | Reached XP level 1. HP: 18/18 MP: 1/1
   419 | D:1      | Reached XP level 2. HP: 24/24 MP: 2/2
   672 | D:2      | Reached XP level 3. HP: 26/29 MP: 3/3
   773 | D:2      | Found a snail-covered altar of Cheibriados.
   994 | D:2      | Reached XP level 4. HP: 19/35 MP: 4/4
  1019 | D:2      | Reached skill level 4 in Long Blades
  1246 | D:3      | Found a deep blue altar of Sif Muna.
  1794 | D:3      | Reached XP level 5. HP: 38/41 MP: 5/5
  1953 | D:3      | Reached skill level 5 in Long Blades
  2094 | D:3      | HP: 1/41 [poisoned by an orc wizard]
  2095 | D:3      | Succumbed to an orc wizard's poison

Vault maps used:
D:1:      ldierk_water_garden
D:2:      cheibriados_altar_wand_db, minmay_misc_feat_ornament
D:3:      lemuel_round_altar
D:4:      first_bread, st_stairs_4, minivault_23, uniq_crazy_yiuf_cottage,
          uniq_natasha, uniq_edmund

Action                   |  1- 3 |  4- 6 || total
-------------------------+-------+-------++-------
Melee: Long sword        |   125 |   100 ||   225
  Use: Potion            |       |     4 ||     4
  Eat: Chunk             |       |     4 ||     4
